Map: Washout LE

Players

Krystianer - Winner!

  • Race: Protoss Protoss
  • Spawn Location: 7:00

Mixu

  • Race: Zerg Zerg
  • League: Master
  • Spawn Location: 1:00

VOD

Have the link to the VOD?

Description

Time

  • Played on: July 23, 2026, 7:34 a.m.
  • Length: 11:06
Show
View Real Time Build Order
Export as new Build Order

Krystianer Protoss - Winner!

Build Orders: Oracle Opening, Archon Immortal, Archon Drop 

Get SALT Encoding   

  8  0:00  Probe (Chrono Boost)  
  9  0:12  Probe (Chrono Boost)  
  10  0:17  Probe (Chrono Boost)  
  11  0:27  Probe  
  12  0:33  Pylon  
  12  0:39  Probe  
  13  0:51  Probe  
  14  0:57  Gateway  
  14  1:03  Probe (Chrono Boost)  
  15  1:04  Assimilator  
  15  1:12  Probe (Chrono Boost)  
  15  1:17  Probe (Chrono Boost)  
  17  1:29  Probe  
  18  1:41  Probe  
  19  1:47  Nexus  
  19  1:58  Cybernetics Core  
  19  2:02  Probe  
  19  2:07  Pylon  
  20  2:14  Probe  
  21  2:16  Assimilator  
  21  2:26  Probe  
  22  2:30  Adept (Chrono Boost)  
  24  2:38  Probe  
  25  2:48  Stargate  
  25  2:50  Probe  
  26  2:53  Adept (Chrono Boost)  
  28  2:59  Probe  
  28  3:01  Warp Gate  
  28  3:02  Probe  
  30  3:11  Probe  
  31  3:14  Probe  
  31  3:18  Adept  
  34  3:23  Probe  
  34  3:26  Probe  
  36  3:28  Shield Battery  
  36  3:31  Oracle (Chrono Boost)  
  36  3:35  Probe  
  36  3:40  Pylon, Probe  
  41  3:48  Probe  
  42  3:59  Probe (Chrono Boost)  
  42  4:00  Probe (Chrono Boost)  
  40  4:05  Assimilator  
  40  4:07  Assimilator  
  40  4:08  Gateway  
  41  4:12  Probe (Chrono Boost)  
  41  4:15  Twilight Council, Probe (Chrono Boost)  
  41  4:17  Robotics Facility  
  42  4:20  Probe (Chrono Boost)  
  44  4:25  Probe x2 (Chrono Boost)  
  45  4:33  Gateway  
  45  4:34  Gateway, Probe  
  45  4:35  Pylon  
  45  4:36  Probe  
  47  4:46  Probe  
  47  4:48  Probe  
  49  4:55  Templar Archives  
  49  4:59  Probe  
  50  5:00  Warp Prism (Chrono Boost)  
  50  5:07  Pylon  
  52  5:12  Adept x2  
  56  5:23  Pylon  
  56  5:25  Nexus  
  56  5:27  Probe  
  57  5:29  Probe  
  57  5:31  Pylon  
  58  5:39  Probe  
  58  5:41  Probe  
  60  5:50  High Templar x3  
  60  5:51  High Templar, Probe  
  60  5:53  Probe  
  60  5:55  Archon x2  
  70  5:59  Immortal (Chrono Boost)  
  70  6:00  Forge  
  70  6:03  Probe  
  75  6:05  Probe  
  76  6:15  Probe  
  76  6:17  Probe  
  76  6:27  Probe  
  76  6:28  Immortal (Chrono Boost)  
  76  6:29  Probe  
  80  6:35  Charge, Protoss Ground Weapons Level 1  
  80  6:38  Probe  
  80  6:39  Probe  
  82  6:41  Probe  
  83  6:50  Probe  
  83  6:51  Probe  
  83  6:53  Probe  
  86  6:57  Pylon  
  86  6:58  Immortal (Chrono Boost)  
  90  7:02  Assimilator, Pylon, Probe  
  90  7:04  Probe  
  90  7:05  Probe  
  93  7:11  Gateway  
  93  7:14  Probe, Assimilator  
  94  7:16  Probe  
  94  7:17  Gateway, Probe  
  94  7:18  Gateway  
  96  7:24  Sentry  
  96  7:25  Sentry x2  
  96  7:26  Immortal (Chrono Boost)  
  96  7:28  Probe  
  96  7:29  Pylon  
  109  7:30  Photon Cannon  
  109  7:38  Zealot  
  109  7:48  Immortal (Chrono Boost)  
  109  7:50  Shield Battery  
  109  7:52  Shield Battery  
  109  7:53  High Templar x2  
  109  7:54  Zealot, Shield Battery  
  109  7:56  Pylon  
  119  8:09  Archon  
  119  8:12  Gateway  
  119  8:13  Pylon x3  
  119  8:15  Pylon  
  119  8:17  Immortal (Chrono Boost)  
  123  8:23  Photon Cannon  
  123  8:24  Blink (Chrono Boost)  
  123  8:32  Pylon  
  123  8:34  Pylon  
  123  8:38  Stalker x7  
  137  8:47  Immortal (Chrono Boost)  
  137  9:15  Zealot x8  
  137  9:16  Immortal (Chrono Boost)  
  153  9:21  Fleet Beacon  
  153  9:23  Nexus  
  157  9:24  Pylon  
  157  9:35  Pylon  
  157  9:37  High Templar x2  
  157  9:38  Zealot x6  
  171  9:42  Archon  
  173  9:48  Immortal (Chrono Boost), Probe  
  173  9:50  Probe  
  179  10:00  Zealot x6  
  184  10:09  Pylon  
  184  10:10  Pylon  
  184  10:13  Pylon  
  183  10:25  Probe x2 (Chrono Boost)  
  183  10:27  Stalker x6  
  191  10:32  Stalker x2  
  189  10:52  Zealot x6  
  189  10:56  Stalker x2  
Show
View Real Time Build Order
Export as new Build Order

Mixu Zerg 

Build Orders: Hatch First 

Get SALT Encoding   

  8  0:00  Drone  
  9  0:10  Drone  
  10  0:16  Drone  
  11  0:22  Drone  
  12  0:30  Extractor, Drone  
  13  0:37  Overlord  
  13  0:56  Drone x2  
  15  1:01  Drone  
  16  1:17  Hatchery  
  16  1:18  Drone  
  16  1:22  Drone  
  17  1:30  Drone  
  18  1:36  Extractor  
  17  1:40  Spawning Pool  
  17  1:44  Drone  
  17  1:50  Drone  
  18  1:59  Drone  
  19  2:13  Overlord  
  19  2:27  Zergling x2  
  19  2:28  Queen  
  19  2:29  Queen  
  24  2:32  Drone x2  
  26  2:39  Drone  
  26  2:40  Drone  
  26  2:42  Metabolic Boost  
  28  2:49  Drone x2  
  30  3:00  Drone x2  
  32  3:09  Overlord  
  32  3:12  Hatchery  
  31  3:16  Drone  
  32  3:26  Queen  
  34  3:29  Zergling x6  
  34  3:32  Drone  
  38  3:36  Overlord  
  38  3:37  Drone x2  
  40  3:50  Spore Crawler  
  36  3:56  Drone x5  
  40  4:03  Drone x2  
  42  4:12  Drone x4  
  46  4:18  Spore Crawler  
  46  4:19  Queen  
  47  4:28  Drone x3  
  47  4:31  Drone  
  49  4:34  Drone  
  50  4:40  Overlord, Drone  
  50  4:42  Extractor  
  50  4:43  Drone x2  
  51  4:48  Overlord  
  50  4:55  Drone  
  50  4:58  Roach Warren  
  50  4:59  Drone x5  
  55  5:04  Drone x2  
  57  5:07  Drone x2  
  59  5:15  Overlord  
  59  5:17  Drone x2  
  59  5:18  Queen  
  59  5:20  Extractor  
  62  5:25  Drone  
  62  5:26  Overlord  
  62  5:27  Lair  
  62  5:36  Zergling x2  
  62  5:37  Zergling x6  
  62  5:39  Drone x3  
  62  5:40  Drone  
  62  5:42  Extractor  
  69  5:48  Overlord x2  
  69  5:52  Spore Crawler  
  69  5:56  Roach x7  
  82  6:01  Overlord  
  82  6:06  Evolution Chamber  
  82  6:08  Roach  
  82  6:09  Roach x2  
  85  6:21  Drone x7  
  90  6:26  Drone x6  
  90  6:30  Drone x2  
  90  6:31  Drone  
  92  6:33  Drone  
  92  6:37  Glial Reconstitution  
  92  6:38  Zerg Missile Weapons Level 1  
  92  6:39  Drone  
  94  6:41  Drone  
  94  6:46  Drone x3  
  93  6:55  Drone  
  93  6:57  Drone x3  
  97  7:04  Overlord  
  97  7:06  Roach x4  
  102  7:13  Extractor  
  102  7:15  Overlord x2  
  101  7:16  Roach x3  
  101  7:18  Overlord  
  107  7:25  Roach x3  
  113  7:32  Overlord  
  113  7:33  Overlord  
  113  7:34  Roach x4  
  121  7:39  Roach x2  
  125  7:45  Roach  
  125  7:48  Roach  
  129  7:52  Roach x4  
  129  7:56  Roach x2  
  141  7:59  Hatchery  
  141  8:02  Roach x3  
  146  8:07  Roach x3  
  146  8:08  Overlord  
  146  8:11  Roach  
  154  8:13  Ravager  
  154  8:15  Overlord x2  
  155  8:22  Overlord  
  155  8:28  Ravager x6  
  155  8:29  Zergling x4  
  163  8:34  Zergling x2  
  163  8:35  Zergling x20  
  167  8:46  Roach x3  
  149  8:56  Roach x3  
  149  8:59  Drone  
  149  9:00  Drone x2, Extractor  
  149  9:01  Queen  
  159  9:06  Extractor  
  159  9:07  Roach x5  
  176  9:17  Roach x4  
  176  9:25  Roach x3  
  182  9:33  Overlord  
  182  9:35  Ravager x3  
  185  9:39  Roach x3, Overlord  
  185  9:41  Overlord  
  189  9:53  Roach x5  
  189  9:59  Roach x5  
  191  10:10  Roach x8  
  195  10:16  Roach x4  
  195  10:20  Ravager  
  196  10:23  Ravager x2  
  195  10:31  Ravager x2  
  195  10:44  Roach x2  
Tags
 
Add a new tag
Caveats
  • Supply blocks, unpowered buildings, or Contaminate may cause inaccurate times.
  • Supply counts are checked every 10 seconds.